 Dungeon Crawl Stone Soup version 0.25-a0-890-g62861fb (webtiles) character file.

Game seed: 3753954291278679157, levelgen mode: deterministic

157 Faca the Skirmisher (level 5, 0/45 HPs)
             Began as a Barachi Fighter on May 8, 2020.
             Slain by a sky beast (4 damage)
             ... on level 2 of the Dungeon.
             The game lasted 00:04:28 (2088 turns).

Faca the Skirmisher (Barachi Fighter)               Turns: 2088, Time: 00:04:29

Health: 0/45       AC: 12    Str: 18    XL:     5   Next: 38%
Magic:  5/5        EV:  4    Int:  9    God:
Gold:   188        SH:  7    Dex: 11    Spells: 4/4 levels left

rFire    . . .     SeeInvis .   a - +0 long sword
rCold    . . .     Gourm    +   k - -2 kite shield (curse)
rNeg     + . .     Faith    .   n - +0 chain mail
rPois    .         Spirit   .   g - +1 helmet
rElec    .         Reflect  .   p - +0 cloak
rCorr    .         Harm     .   (no gloves)
MR       .....                  (no boots)
Stlth    ..........             i - amulet of the gourmand
HPRegen  0.15/turn              h - ring of positive energy
MPRegen  0.09/turn              b - ring of wizardry

@: slow
A: +LOS, swims, slowness 1, strong legs 1
a: Hop


You were on level 2 of the Dungeon.
You were hungry.

You visited 1 branch of the dungeon, and saw 3 of its levels.

You collected 188 gold pieces.

Inventory:

Hand Weapons
 a - a +0 long sword (weapon)
 o - a +0 short sword
Armour
 c - a +0 kite shield
 g - a +1 helmet (worn)
 k - a cursed -2 kite shield (worn)
 m - +0 acid dragon scales
 n - a +0 chain mail (worn)
 p - a +0 cloak (worn)
Jewellery
 b - a ring of wizardry (right hand)
 h - a ring of positive energy (left hand)
 i - an amulet of the gourmand (around neck)
Potions
 d - a potion of might
 e - a potion of haste {unknown}
 j - a potion of mutation {unknown}
 l - 2 potions of resistance {unknown}
Comestibles
 f - 11 rations


   Skills:
 + Level 5.6 Fighting
 + Level 4.9 Long Blades
 - Level 3.6 Armour
 - Level 3.2 Shields


You had 4 spell levels left.
You didn't know any spells.
Your spell library was empty.

Dungeon Overview and Level Annotations

Branches:
Dungeon (3/15)

Altars:
Fedhas
Hepliaklqana


Innate Abilities, Weirdness & Mutations

You can be seen from farther away. (+LOS)
You can swim through water.
You cover ground slowly.
You can hop short distances.


Message History

Reactivating autopickup.
The sky beast hits you but does no damage.
The sky beast flickers out of sight!
Deactivating autopickup; reactivate with Ctrl-A.
Something hits you but does no damage.
You slash something! Something hits you but does no damage.
You closely miss something. Something hits you. Something shocks you.
* * * LOW HITPOINT WARNING * * *
You are feeling hungry.
Something hits you.
* * * LOW HITPOINT WARNING * * *
Something shocks you.
* * * LOW HITPOINT WARNING * * *
There is a stone staircase leading up here.
Something hits you but does no damage.
You climb upwards.
Reactivating autopickup.
There is a stone staircase leading down here.
Something hits you.
You die...

...#.†....##.#####.#
##.#.##.#.##.#####.#
##.#.##.#.....(.##.#
..........##.##.##.#
...#.##.#.##.##.##.#
##.#.##............#
#.#......#(###..###
##.########.##...#
.........##.##.#@#
.#.......##....>.#
.........#####.###
.........# #.#
.........# #.##
#........# #..#
.........# ##.#
####.##### #.#
.....# #.#


There were no monsters in sight!

Vanquished Creatures
  A scorpion (D:2)
  A worker ant zombie (D:2)
  3 adders
  An ooze (D:3)
  A worm (D:2)
  A dart slug (D:2)
  2 leopard geckos
  2 ball pythons
  3 giant cockroaches
  3 goblins
  5 hobgoblins
  5 jackals
  7 bats
  5 frilled lizards
  10 kobolds
  9 rats
59 creatures vanquished.

Notes
Turn   | Place    | Note
-------+----------+-------------------------------------------
     0 | D:1      | Faca the Barachi Fighter began the quest for the Orb.
     0 | D:1      | Reached XP level 1. HP: 18/18 MP: 1/1
   234 | D:1      | Reached XP level 2. HP: 25/25 MP: 2/2
   236 | D:1      | Reached skill level 4 in Fighting
   581 | D:1      | Reached XP level 3. HP: 26/31 MP: 3/3
   923 | D:2      | Noticed a scorpion
   939 | D:2      | Killed a scorpion
   939 | D:2      | Reached skill level 5 in Fighting
   939 | D:2      | Reached XP level 4. HP: 23/39 MP: 4/4
  1119 | D:2      | Found a blossoming altar of Fedhas.
  1374 | D:2      | Found a hazy altar of Hepliaklqana.
  1479 | D:2      | Reached XP level 5. HP: 40/44 MP: 5/5
  2054 | D:3      | Noticed a sky beast
  2088 | D:2      | Slain by a sky beast

Levels and vault maps discovered:
D:1:      sevenhm_arrival_forest_fort_small_1, layout_basic, serial_glass,
          glass_columns_b, glass_columns_a, chequers_garden,
          chequers_hall_statues_corner_a, minivault_25,
          minmay_misc_feat_enclosed
D:2:      layout_loops_cross, nicolae_overflow_hidden_temple,
          nicolae_overflow_crystal_walls
D:3:      layout_loops_ring

Skill      XL: |  1  2  3 |
---------------+----------+-----
Fighting       | 4 5 |  5.6
Long Blades    | 3 4 |  4.9
Armour         | |  3.6
Shields        | |  3.2

Action                   |  1- 3 |  4- 6 || total
-------------------------+-------+-------++-------
Melee: Long sword        |    82 |   156 ||   238
  Use: Scroll            |     1 |     4 ||     5
  Eat: Chunk             |     2 |     4 ||     6
Armor: Scale mail        |    33 |       ||    33
       Acid dragon scale |     5 |     7 ||    12
       Chain mail        |       |   108 ||   108
Dodge: Dodged            |    29 |    27 ||    56
Block: Kite shield       |    38 |    68 ||   106
       Rpst.: Long sword |     6 |     5 ||    11

Table legend:
 A = Non-vault XP
 B = Vault XP
 C = Vault XP percentage of total XP
 D = Non-vault monster count
 E = Vault monster count
 F = Vault count percentage of total count
                 A         B        C        D         E       F
            +---------+---------+-------+---------+---------+-------
      Total |     225 |       0 |   0.0 |      59 |       0 |   0.0
            +---------+---------+-------+---------+---------+-------
        D:1 |      42 |       0 |   0.0 |      25 |       0 |   0.0
        D:2 |     134 |       0 |   0.0 |      11 |       0 |   0.0
        D:3 |      49 |       0 |   0.0 |      23 |       0 |   0.0
            +---------+---------+-------+---------+---------+-------
